 Dungeon Crawl Stone Soup version 0.23-a0-8-gb809bb70e4 (webtiles) character file.

121 Grim the Grave Robber (level 4, -2/24 HPs)
             Began as a Deep Elf Necromancer on Aug 1, 2018.
             Slain by a crimson imp (3 damage)
             ... on level 2 of the Dungeon.
             The game lasted 00:06:59 (2481 turns).

Grim the Grave Robber (Deep Elf Necromancer)        Turns: 2481, Time: 00:06:59

Health: -2/24      AC:  2    Str:  6    XL:     4   Next: 77%
Magic:  3/10       EV: 13    Int: 25    God:
Gold:   72         SH:  0    Dex: 15    Spells: 7/9 levels left

rFire    . . .     SeeInvis .   b - +0 dagger (venom)
rCold    . . .     Gourm    .   (no shield)
rNeg     . . .     Faith    .   a - +0 robe
rPois    .         Spirit   .   (no helmet)
rElec    .         Reflect  .   (no cloak)
rCorr    .         Harm     .   (no gloves)
MR       .....                  (no boots)
Stlth    ++........             (no amulet)
HPRegen  0.08/turn              (no ring)
MPRegen  0.12/turn              (no ring)

@: brilliant, flying
A: no striking features
a: no special abilities


You were on level 2 of the Dungeon.
You were not hungry.

You visited 1 branch of the dungeon, and saw 2 of its levels.

You collected 72 gold pieces.

Inventory:

Hand Weapons
 b - a +0 dagger of venom (weapon)
Armour
 a - a +0 robe (worn)
 h - a +0 pair of gloves
Scrolls
 d - a scroll of remove curse
 e - a scroll of identify {unknown}
 f - 2 scrolls of teleportation {unknown}
Comestibles
 c - 3 rations
 j - 3 chunks of flesh


   Skills:
 + Level 2.1 Short Blades
 - Level 2.8 Dodging
 - Level 2.4 Stealth
 - Level 3.0 Spellcasting
 * Level 6.7 Necromancy


You had 7 spell levels left.
You knew the following spells:

 Your Spells              Type           Power        Failure   Level  Hunger
a - Pain                  Necr           ####         1%          1    None
b - Animate Skeleton      Necr           N/A          1%          1    None

Your spell library contained the following spells:

 Spells                   Type           Power        Failure   Level  Hunger
 Animate Dead             Necr           N/A          1%          4    ####...
 Vampiric Draining        Necr           ######....   1%          3    ###....
 Regeneration             Chrm/Necr      #####.....   1%          3    ###....


Dungeon Overview and Level Annotations

Branches:
Dungeon (2/15)

Altars:


Message History

You can't see any susceptible monsters within range! (Use Z to cast anyway.) Firing (i - inventory) No suitable missiles.
Press: ? - help, Shift-Dir - straight line, f - crimson imp
Aim: a crimson imp, wearing a robe
Okay, then.
You barely miss the crimson imp. You barely miss the crimson imp.
The crimson imp hits you.
* * * LOW HITPOINT WARNING * * *
You miss the crimson imp. The crimson imp closely misses you.
You miss the crimson imp. The crimson imp hits you.
* * * LOW HITPOINT WARNING * * *
It was a potion of flight.
You feel very buoyant.
You fly up into the air.
The crimson imp closely misses you.
It was a potion of brilliance.
You feel clever all of a sudden. The crimson imp hits you.
* * * LOW HITPOINT WARNING * * *
You barely miss the crimson imp. The crimson imp hits you.
You die...

. #.......##.....#
#.......##....##
..........##.#....
####
..........##.#.###
..Z##
####.###............#
##..#######....#
#...#######. #
##.........### #>..#
.
######Z#....####...#
.# #..####...@5)..#
#.....##
######...###.##
#..#### #.%....... .
.......#.##%.##
.....5.#... ...
.......#.......
.......#.......
......##.......
...... #######


You could see a crimson imp.

Vanquished Creatures
  An ogre (D:1)
  2 adders (D:2)
  An ooze (D:1)
  2 dart slugs (D:1)
  A leopard gecko (D:1)
  3 ball pythons
  4 giant cockroaches
  6 goblins
  5 hobgoblins
  2 kobolds (D:1)
  2 quokkas (D:2)
  3 bats
  A frilled lizard (D:2)
  8 rats
41 creatures vanquished.

Vanquished Creatures (collateral kills)
  A worm (D:2)
1 creature vanquished.

Grand Total: 42 creatures vanquished

Notes
Turn   | Place    | Note
-------+----------+-------------------------------------------
     0 | D:1      | Grim the Deep Elf Necromancer began the quest for the Orb.
     0 | D:1      | Reached XP level 1. HP: 10/10 MP: 6/6
   143 | D:1      | Reached skill level 5 in Necromancy
   211 | D:1      | Reached XP level 2. HP: 6/15 MP: 6/8
   964 | D:1      | Learned a level 1 spell: Animate Skeleton
  1043 | D:1      | Reached XP level 3. HP: 13/19 MP: 4/9
  1193 | D:1      | Reached skill level 1 in Short Blades
  1812 | D:2      | Noticed an ogre
  1885 | D:1      | Killed an ogre
  1885 | D:1      | Reached skill level 6 in Necromancy
  1885 | D:1      | Reached XP level 4. HP: 4/24 MP: 7/10
  2480 | D:2      | HP: 1/24 [crimson imp (2)]
  2481 | D:2      | Slain by a crimson imp

Vault maps used:
D:1:      giann_forest_graveyard
D:2:      old_standard_altar, minmay_split_cup_large

Skill      XL: |  1  2  3  4 |
---------------+-------------+-----
Necromancy     | 5 6 |  6.7
Short Blades   | 1 2 |  2.1
Dodging        | |  2.8
Stealth        | |  2.4
Spellcasting   | |  3.0

Action                   |  1- 3 |  4- 6 || total
-------------------------+-------+-------++-------
Melee: Dagger            |     9 |    15 ||    24
 Cast: Pain              |    42 |    22 ||    64
       Animate Skeleton  |     6 |     6 ||    12
  Use: Potion            |       |     2 ||     2
       Scroll            |       |     1 ||     1
 Stab: Sleeping          |     1 |     2 ||     3
  Eat: Chunk             |     2 |     3 ||     5
Armor: Robe              |       |     5 ||     5
Dodge: Dodged            |    11 |    18 ||    29

Table legend:
 A = Spawn XP
 B = Non-spawn XP
 C = Spawn XP percentage of total XP
 D = Spawn monster count
 E = Non-spawn monster count
 F = Spawn count percentage of total count
 G = Total turns spent on level
                    A         B        C        D         E        F      G
               +---------+---------+-------+---------+---------+-------+---------
         Total |       0 |     174 |   0.0 |       0 |      42 |   0.0 |  2481
               +---------+---------+-------+---------+---------+-------+---------
           D:1 |       0 |     128 |   0.0 |       0 |      27 |   0.0 |  2172
           D:2 |       0 |      46 |   0.0 |       0 |      15 |   0.0 |   309
               +---------+---------+-------+---------+---------+-------+---------
